 Dungeon Crawl Stone Soup version bcrawl-1.40.3b (webtiles) character file.

Game seed: 15992640414407759644

116419 Artagas the Skirmisher (level 3, -21/54 HPs)
             Began as a Naga Berserker on Nov 26, 2023.
             Was a Follower of Trog.
             Engulfed by themself's flame (23 damage)
             ... on level 2 of the Dungeon.
             The game lasted 00:05:27 (1195 turns).

Artagas the Skirmisher (Naga Berserker)             Turns: 1195, Time: 00:05:27

Health: -21/54     AC:  2    Str: 25    XL:     3   Next: 50%
Magic:  3/3        EV: 11    Int:  7    God:    Trog [*.....]
Gold:   24         SH:  0    Dex: 10    Spells: 2/2 levels left

rFire    . . .     GDR:     23% a - +0 hand axe
rCold    . . .     SeeInvis +   (no shield)
rNeg     . . .     Gourm    .   k - +0 leather armour
rPois    +         Faith    .   (no helmet)
rElec    .         Spirit   .   (no cloak)
rCorr    .         Reflect  .   (no gloves)
MR       .....                  (no barding)
Stlth    ..........             (no amulet)
HPRegen  0.79/turn              (no ring)
MPRegen  0.08/turn              (no ring)

@: berserking (expiring), short of breath, starving, regenerating, slowed, very
slow
A: large, tail, swims, repulsion field 1, see invisible, deformed body, poison
resistance, slowness 2, slow metabolism 1, spit poison 2, AC +1
a: Breathe Poison Gas, Berserk, Renounce Religion


You were on level 2 of the Dungeon.
You worshipped Trog.
Trog was aware of your devotion.
You were starving.

You visited 1 branch of the dungeon, and saw 2 of its levels.

You collected 24 gold pieces.

Inventory:

Hand Weapons
 a - a +0 hand axe (weapon)
Missiles
 i - 4 stones (quivered)
 j - 222 bolts
Armour
 b - a +0 animal skin
 k - a +0 leather armour (worn)
   (You took it off an orc on level 2 of the Dungeon)
Scrolls
 r - a scroll of identify
Potions
 c - a potion of cancellation
 q - a potion of curing
Comestibles
 e - 2 rations {!d}


   Skills:
 + Level 3.7 Fighting
 + Level 3.7 Axes
 - Level 1.5 Armour
 - Level 1.5 Dodging


You had 2 spell levels left.
You didn't know any spells.
Your spell library was empty.

Dungeon Overview and Level Annotations

Branches:
Dungeon (2/12)

Altars:


Innate Abilities, Weirdness & Mutations

You cannot wear boots.
You can swim through water.
Your serpentine skin is tough. (AC +1)
You have supernaturally acute eyesight. (SInv)
Armour fits poorly on your strangely shaped body.
Your system is resistant to poisons. (rPois)
You cover ground very slowly.
You have a slow metabolism.
You can exhale a cloud of poison.
You are surrounded by a mild repulsion field. (EV +2)


Message History

You see here a ration {!d}.
The kobold shouts!
The bat hits you but does no damage. The bat hits you.
A red film seems to cover your vision as you go berserk!
You feel yourself moving faster!
You feel mighty!
You feel a lot more hungry. The bat closely misses you.
The bat hits you but does no damage.
A kobold comes into view.
The leopard gecko barely misses you.
You hit the leopard gecko.
The leopard gecko is severely wounded.
The bat hits you but does no damage.
A worm comes into view.
You slice the leopard gecko!!
You kill the leopard gecko!
Trog accepts your kill.
You slash the bat!
You kill the bat!
Trog accepts your kill.
You hit the kobold.
You kill the kobold!
Trog accepts your kill.
Things that are here:
a +0 whip; a kobold corpse You feel a strong urge to attack something.
You hit the kobold.
You kill the kobold!
Trog accepts your kill.
You are too berserk!
You feel a strong urge to attack something.
You are no longer berserk.
You are exhausted.
You feel yourself slow down.
Okay, then.
Press: ? - help, Shift-Dir - straight line, f - worm
Aim: a worm The splash of poison misses the worm.
You feel slightly more hungry.
You aren't carrying any items that you can evoke.
As you read the scroll of identify, it crumbles to dust.
c - a potion of cancellation
As you read the scroll of identify, it crumbles to dust.
f - a potion of curing;
q - a potion of curing
As you read the scroll labeled PYIRIEROSO, it crumbles to dust.
You feel blessed for a moment.
It was a scroll of remove curse.
You have got your breath back.
A hobgoblin comes into view. It is wielding a +0 club.
As you read the scroll labeled URIP ZOPO YMEHIPS, it crumbles to dust.
The creatures around you are filled with an inner flame!
It was a scroll of immolation.
The worm barely misses you.
Okay, then.
It was a potion of mutation.
You feel extremely strange. A pair of horns grows on your head!
There is a nasty taste in your mouth for a moment.
The horns on your head shrink away.
You begin to radiate repulsive energy.
The worm bites you but does no damage.
Press: ? - help, Shift-Dir - straight line, f - hobgoblin, p - worm
Aim: a hobgoblin, wielding a +0 club (inner flame)
You exhale a blast of poison gas.
The poison gas hits the hobgoblin.
The hobgoblin is poisoned.
The hobgoblin is heavily wounded.
You are feeling very hungry.
The hobgoblin is engulfed in poison gas.
The hobgoblin looks more poisoned.
The worm closely misses you.
The hobgoblin explodes!
Trog accepts your kill.
You can now call upon Trog for regeneration and vigour.
You hear a shout!
Okay, then.
Okay, then.
Your skin crawls, and Trog's vigour flows through you.
You feel somewhat more hungry.
You can no longer call upon Trog for regeneration and vigour.
The worm bites you!
A red film seems to cover your vision as you go berserk!
You feel yourself moving faster!
You feel mighty!
You are starving!
The worm bites you!
You barely miss the worm.
A kobold comes into view. It is wielding a +0 whip.
The kobold throws a stone.
The stone misses you.
You barely miss the worm. The worm closely misses you.
The kobold throws a stone.
The stone barely misses you.
You hit the worm.
The worm is moderately wounded.
The kobold throws a stone.
The stone hits you. The worm closely misses you.
You hit the worm.
The worm is moderately wounded.
The kobold throws a stone.
The stone barely misses you.
You hit the worm.
The worm is severely wounded.
The worm bites you!
The kobold throws a stone.
The stone hits you but does no damage.
You slash the worm!
The worm explodes!
The fiery explosion engulfs you!!
Ouch! That really hurt!
* * * LOW HITPOINT WARNING * * *
Trog accepts your kill.
You are engulfed in blazing flames.
You die...

##...... .......# ...K..
..##.#.## #...# ###.##....##
. #○○.# #...(......# ...
#○☼.####.#.# #....#
....#######☼.°.......###....#
............................#
#.......?)§§§........###.....
...#....%.§§@........# #)####
########§§.#####.## #<#
#...... ..# #.# #.#.#######
#.# #...# #.# #...# #.. #!..#
### #. .#


You could see a kobold.

Vanquished Creatures
  A worm (D:2)
  4 dart slugs (D:1)
  4 leopard geckos
  An orc (D:2)
  2 ball pythons (D:1)
  A hobgoblin (D:2)
  3 jackals (D:1)
  4 kobolds
  2 bats
  2 goblins (D:1)
  4 rats
28 creatures vanquished.

Notes
Turn   | Place    | Note
-------+----------+-------------------------------------------
     0 | D:1      | Artagas the Naga Berserker began the quest for the Orb.
     0 | D:1      | Reached XP level 1. HP: 21/21 MP: 1/1
    81 | D:1      | Reached XP level 2. HP: 21/28 MP: 2/2
   574 | D:1      | Reached XP level 3. HP: 20/34 MP: 3/3
  1185 | D:2      | Gained mutation: You have a pair of small horns on your
                  | head. [potion of mutation]
  1185 | D:2      | Gained mutation: You can exhale a cloud of poison. [potion
                  | of mutation]
  1185 | D:2      | Lost mutation: You have a pair of small horns on your head.
                  | [potion of mutation]
  1185 | D:2      | Gained mutation: You are surrounded by a mild repulsion
                  | field. (EV +2) [potion of mutation]
  1187 | D:2      | Reached ** piety under Trog
  1195 | D:2      | HP: 2/54 [worm/exploding inner flame[the player character]
                  | (27)]
  1195 | D:2      | Engulfed by themself's flame

Action                   || total
-------------------------++-------
Melee: Hand axe          ||    48
Invok: Berserk           ||     5
       Trog's Hand       ||     1
 Abil: Spit Poison       ||    14
       Breathe Poison Ga ||     1
  Use: Scroll            ||     4
       Potion            ||     1
 Stab: Sleeping          ||     2
  Eat: Chunk             ||     4
Armor: Animal skin       ||     5
       Leather armour    ||     5
Dodge: Dodged            ||    31

Levels and vault maps discovered:
D:1:      erik_arrival_blinker_ship, layout_basic, kennysheep_doodads
D:2:      layout_loops_cross

Table legend:
 A = Turns spent in this place as a percentage of turns spent in the entire game.
 B = Non-inter-level travel turns spent in this place as a percentage of non-inter-level travel turns spent in the entire game.
 C = Inter-level travel turns spent in this place as a percentage of turns spent in this place.
 D = Turns resting spent in this place as a percentage of non-inter-level travel turns spent in this place.
 E = Turns spent auto-exploring this place as a percentage of non-inter-level travel turns spent in this place.
 F = Non-inter-level travel turns spent in this place divided by the number of levels of this place that you've seen.
                   A       B       C       D       E      F
               +-------+-------+-------+-------+-------+----------------------
         Total | 100.0 | 100.0 |  12.4 |   8.8 |  69.6 | 523.5
       Dungeon | 100.0 | 100.0 |  12.4 |   8.8 |  69.6 | 523.5
               +-------+-------+-------+-------+-------+----------------------

Table legend:
 A = Kills in this place as a percentage of kills in entire the game.
 B = Kills by you in this place as a percentage of kills by you in the entire game.
 C = Kills by friends in this place as a percentage of kills by friends in the entire game.
 D = Other kills in this place as a percentage of other kills in the entire game.
 E = Experience gained in this place as a percentage of experience gained in the entire game.
 F = Experience gained in this place divided by the number of levels of this place that you have seen.
                   A       B       C       D       E      F
               +-------+-------+-------+-------+-------+----------------------
         Total | 100.0 | 100.0 |   N/A |   N/A | 100.0 |  31.5
       Dungeon | 100.0 | 100.0 |   N/A |   N/A | 100.0 |  31.5
               +-------+-------+-------+-------+-------+----------------------
